 Dungeon Crawl Stone Soup version 0.25.1-2-g60ff931df9 (webtiles) character file.

Game seed: 16511250591424387255

191 gruber the Insei (level 5, -5/37 HPs)
             Began as a Merfolk Transmuter on Aug 25, 2020.
             Slain by Pikel
             ... wielding a +1 whip of electrocution
              (13 damage)
             ... on level 3 of the Dungeon.
             The game lasted 00:04:09 (2831 turns).

gruber the Insei (Merfolk Transmuter)               Turns: 2831, Time: 00:04:09

Health: -5/37      AC:  2    Str:  8 (11) XL:     5   Next: 70%
Magic:  6/8        EV: 20    Int: 17 (19) God:
Gold:   136        SH:  0    Dex: 18 (19) Spells: 2/8 levels left

rFire    . . .     SeeInvis .     - Unarmed
rCold    . . .     Gourm    .   (shield currently unavailable)
rNeg     . . .     Faith    .   (armour currently unavailable)
rPois    x         Spirit   .   (helmet currently unavailable)
rElec    .         Reflect  .   (cloak currently unavailable)
rCorr    .         Harm     .   (gloves currently unavailable)
MR       .....                  (boots currently unavailable)
Stlth    ++........             (no amulet)
HPRegen  0.12/turn              q - +6 ring of intelligence
MPRegen  0.11/turn              (no ring)

@: spider-form (expiring), stab
A: tiny, (change form in water), (swift swim), (stealthy swim)
a: End Transformation


You were on level 3 of the Dungeon.
You were hungry.
You were a venomous arachnid creature.
You visited 1 branch of the dungeon, and saw 4 of its levels.

You collected 136 gold pieces.

Inventory:

Missiles
 a - 31 arrows
Armour
 b - a +0 robe (melded)
 r - a +0 helmet (melded)
Jewellery
 q - a +6 ring of intelligence (left front leg)
Scrolls
 c - 2 scrolls of teleportation {unknown}
 g - a scroll of fear {unknown}
 h - a scroll of remove curse
 i - a scroll of magic mapping
 k - 3 scrolls of identify
 n - a scroll of fog {unknown}
 o - a scroll of enchant weapon {unknown}
 t - a scroll of immolation {unknown}
Potions
 e - a potion of degeneration
 l - a potion of haste
 m - 3 potions of curing
 p - 2 potions of magic
 s - a potion of heal wounds
Comestibles
 d - 3 rations
 f - a chunk of flesh


   Skills:
 - Level 1.1 Fighting
 - Level 2.6 Dodging
 + Level 6.8 Unarmed Combat
 - Level 2.0 Spellcasting
 - Level 2.6 Transmutations


You had 2 spell levels left.
You knew the following spells:

 Your Spells              Type           Power        Failure   Level  Hunger
a - Beastly Appendage     Tmut           ##....       17%         1    #......
b - Sticks to Snakes      Tmut           ##......     24%         2    ###....
c - Spider Form           Tmut/Pois      #.........   54%         3    ###....

Your spell library contained the following spells:

 Spells                   Type           Power        Failure   Level  Hunger
 Corona                   Hex            #......      38%         1    #......
 Ensorcelled Hibernation  Hex/Ice        #.....       50%         2    ###....
 Confusing Touch          Hex            #.......     71%         3    ###....
 Dazzling Flash           Conj/Hex       #.....       71%         3    ###....
 Tukima's Dance           Hex            #.......     71%         3    ###....
 Ice Form                 Ice/Tmut       #.......     88%         4    #####..
 Blade Hands              Tmut           ##........   96%         5    ######.


Dungeon Overview and Level Annotations

Branches:
Dungeon (4/15)
 Temple: D:4-7

Altars:
Vehumet

Annotations:
D:3 Pikel


Message History

Your transformation is almost over.
The slave completely misses you.
You barely miss the slave.
The slave is moderately wounded.
You hit Pikel but do no damage. You hit Pikel but do no damage.
Pikel is poisoned.
Pikel misses you.
You hit Pikel but do no damage.
Pikel looks as sick as possible!
Pikel misses you.
You hit Pikel.
Pikel looks as sick as possible!
Pikel is lightly wounded.
Pikel barely misses you.
You hit Pikel.
Pikel looks as sick as possible!
Pikel is moderately wounded.
Pikel hits you with a +1 whip of electrocution.
* * * LOW HITPOINT WARNING * * *
You hit Pikel but do no damage.
Pikel looks as sick as possible!
Pikel is moderately wounded.
You feel ready to backstab.
Pikel hits you with a +1 whip of electrocution!
You die...

.....####
#.#
.....#
#.#
...>.#
#.#
.....#
#.#
.....#
#.##
....##
#.p#
....##
##p#
.....#
#K#
.....#
#s#
.....#
###
.>...#
.....#
....##
...##
####


You could see Pikel (extremely poisoned) and 2 slaves.

Vanquished Creatures
  An orc wizard (D:3)
  Jessica (D:3)
  3 gnolls (D:3)
  3 adders
  An ooze (D:1)
  A worm (D:2)
  3 leopard geckos
  8 orcs (D:3)
  4 giant cockroaches
  7 goblins
  6 hobgoblins
  8 jackals
  4 kobolds
  2 ball pythons
  3 bats
  4 frilled lizards
  7 rats
66 creatures vanquished.

Notes
Turn   | Place    | Note
-------+----------+-------------------------------------------
     0 | D:1      | gruber the Merfolk Transmuter began the quest for the Orb.
     0 | D:1      | Reached XP level 1. HP: 15/15 MP: 3/3
   192 | D:1      | Reached XP level 2. HP: 17/21 MP: 5/5
   202 | D:1      | Reached skill level 4 in Unarmed Combat
   570 | D:1      | Reached XP level 3. HP: 26/26 MP: 6/6
  1002 | D:2      | Reached skill level 5 in Unarmed Combat
  1100 | D:2      | Found a radiant altar of Vehumet.
  1516 | D:3      | Learned a level 2 spell: Sticks to Snakes
  1520 | D:3      | Learned a level 3 spell: Spider Form
  1550 | D:3      | Reached XP level 4. HP: 20/32 MP: 4/7
  1829 | D:3      | Noticed Jessica
  1838 | D:3      | Killed Jessica
  1838 | D:3      | Reached skill level 6 in Unarmed Combat
  2012 | D:3      | Reached XP level 5. HP: 35/37 MP: 8/8
  2762 | D:4      | Noticed Pikel
  2762 | D:4      | Noticed a slave
  2762 | D:4      | Noticed a slave
  2762 | D:4      | Noticed a slave
  2762 | D:4      | Noticed a slave
  2831 | D:3      | Slain by Pikel

Illustrated notes

Levels and vault maps discovered:
D:1:      minmay_arrival_four_loops, layout_basic, kennysheep_doodads,
          serial_park_tiny_2, item_on_display_a
D:2:      layout_basic, vehumet_crystals, minmay_misc_feat_pillars,
          minmay_domino_2
D:3:      layout_rooms, corexii_item_surrounded_by_moat, uniq_jessica
D:4:      layout_loops_ring, kennysheep_slug_shrine, kennysheep_mini,
          nicolae_ossuary_entry_giza, trog_hazing_becter, uniq_robin, uniq_ijyb,
          uniq_pikel, uniq_duvessa

Skill      XL: |  1  2  3  4 |
---------------+-------------+-----
Unarmed Combat | 4 5 6 |  6.8
Fighting       | |  1.1
Dodging        | |  2.6
Spellcasting   | |  2.0
Transmutations | |  2.6

Action                   |  1- 3 |  4- 6 || total
-------------------------+-------+-------++-------
Melee: Unarmed           |   111 |   108 ||   219
       Headbutt          |     5 |       ||     5
       Punch             |       |     1 ||     1
 Cast: Beastly Appendage |    11 |       ||    11
       Sticks to Snakes  |     1 |     5 ||     6
       Spider Form       |       |     5 ||     5
  Use: Scroll            |       |     5 ||     5
       Potion            |       |     3 ||     3
 Stab: Sleeping          |     1 |       ||     1
  Eat: Chunk             |     2 |     5 ||     7
Armor: Robe              |    15 |    30 ||    45
       Skin              |       |     1 ||     1
Dodge: Dodged            |    55 |   102 ||   157
